 Dungeon Crawl Stone Soup version 0.30-b1-2-g02819fbbbe (webtiles) character file.

Game seed: 16299909536244683620

244 Anon1729 the Trooper (level 5, -1/47 HPs)
             Began as a Minotaur Monk on Aug 25, 2023.
             Slain by an orc
             ... wielding a +0 war axe
              (5 damage)
             ... on level 2 of the Dungeon.
             The game lasted 00:02:08 (1898 turns).

Anon1729 the Trooper (Minotaur Monk)                Turns: 1898, Time: 00:02:08

Health: -1/47      AC:  3    Str: 16    XL:     5   Next: 83%
Magic:  5/5        EV: 13    Int:  7    God:
Gold:   65         SH:  0    Dex: 14    Spells: 4/4 levels left

rFire   . . .        o - +2 dagger (vamp)
rCold   . . .        d - orb {light}
rNeg    . . .        b - +0 robe
rPois   .            (helmet restricted)
rElec   .            (no cloak)
rCorr   .            n - +0 pair of gloves
SInv    .            (no boots)
Will    .....        (no amulet)
Stlth   +            (no ring)
HPRegen 0.27/turn    (no ring)
MPRegen 0.09/turn

%: no passive effects
@: glowing
A: horns 2, retaliatory headbutt
a: no special abilities


You were on level 2 of the Dungeon.
You visited 1 branch of the dungeon, and saw 4 of its levels.

You collected 65 gold pieces.

Inventory:

Hand Weapons
 a - a +0 short sword
 o - a +2 vampiric dagger (weapon)
Armour
 b - a +0 robe (worn)
 d - an orb of light (worn)
 n - a +0 pair of gloves (worn)
Jewellery
 j - a ring of magical power
Scrolls
 g - 3 scrolls of teleportation {unknown}
 i - a scroll of silence {unknown}
 k - a scroll of enchant armour {unknown}
 q - 2 scrolls of identify {unknown}
Potions
 e - 2 potions of brilliance {unknown}
 f - a potion of curing {unknown}
 h - a potion of mutation {unknown}
 l - a potion of heal wounds {unknown}
 m - a potion of cancellation {unknown}
 p - a potion of might {unknown}


   Skills:
 + Level 4.6 Fighting
 + Level 4.1 Short Blades
 + Level 2.6 Armour
 + Level 4.1 Dodging
 + Level 1.9 Stealth
 + Level 2.1 Invocations


You had 4 spell levels left.
You didn't know any spells.
Your spell library contained the following spells:

 Spells                   Type           Power      Damage    Failure   Level
 Cigotuvi's Dreadful Rot  Necr/Pois/Air  0%         N/A       56%         2
 Gell's Gravitas          Tloc           0%         N/A       80%         3
 Ignite Poison            Fire/Tmut/Pois 0%         N/A       80%         3
 Teleport Other           Tloc           0%         N/A       80%         3
 Freezing Cloud           Conj/Ice/Air   0%         6-21      100%        5
 Dispersal                Tloc           0%         N/A       100%        6


Dungeon Overview and Level Annotations

Branches:
Dungeon (4/15)
 Temple: D:4-7

Altars:


Innate Abilities, Weirdness & Mutations

You have a pair of horns on your head.
You reflexively headbutt those who attack you in melee.


Message History

Unknown command.
The hobgoblin closely misses you. You furiously retaliate!
You headbutt the hobgoblin, but do no damage.
You completely miss the hobgoblin. The hobgoblin hits you.
* * * LOW HITPOINT WARNING * * *
You hit the hobgoblin.
You feel better.
You headbutt the hobgoblin.
The hobgoblin is heavily wounded.
You hit the hobgoblin.
You kill the hobgoblin!
The orc shouts!
An ogre comes into view. It is wielding a +0 giant club.
Found a war axe.
Unknown command.
There is a stone staircase leading down here.
The adder hisses angrily.
The orc hits you with a +0 war axe!
* * * LOW HITPOINT WARNING * * *
The orc attacks as you move away! The orc barely misses you.
The orc wizard shouts!
The orc barely misses you. The orc attacks as you move away!
The orc barely misses you. You furiously retaliate!
You headbutt the orc. The orc attacks as you move away!
The orc hits you with a +0 war axe.
* * * LOW HITPOINT WARNING * * *
Found 4 gold pieces.
The orc attacks as you move away! The orc hits you with a +0 war axe.
* * * LOW HITPOINT WARNING * * *
There is a stone staircase leading up here.
The orc barely misses you.
You climb upwards.
There is a stone staircase leading down here.
You hit the orc.
The orc is severely wounded.
The orc closely misses you.
You hit the orc.
You feel better.
The orc is almost dead.
You hit the orc but do no damage.
The orc is almost dead.
The orc hits you with a +0 war axe.
You die...

####### ......#
#####.### ######### #
#.....# #.......########
###.#.#.#
##.##...........#
......#.#
##...#.##.######.#
###.###.#####...@..##.#
#.#
#......#.........o.##.#
#.#
#.#.###.#######.#####รท#
#.# #.#.# #.# #.# #.#
#.# #.#.###.# #.#####.#
#.# #.#..##.# ##.......#
#.# #.##.##.#
##...###### #.#
#.##.##.# ##.....##
####.#### #.......#
##.......## ##........


You could see an orc.

Vanquished Creatures
  An ogre (D:4)
  A jelly (D:4)
  A hound (D:4)
  Robin (D:4)
  2 adders
  2 worms
  2 dart slugs
  An orc (D:4)
  4 bats
  4 endoplasms
  9 goblins
  7 hobgoblins
  4 jackals (D:1)
  3 kobolds (D:2)
  A quokka (D:1)
  7 ball pythons
  2 frilled lizards (D:2)
  6 rats
58 creatures vanquished.

Notes
Turn   | Place    | Note
-------+----------+-------------------------------------------
     0 | D:1      | Anon1729 the Minotaur Monk began the quest for the Orb.
     0 | D:1      | Reached XP level 1. HP: 19/19 MP: 0/0
    79 | D:1      | Reached XP level 2. HP: 23/27 MP: 1/1
   212 | D:1      | Reached skill level 1 in Armour
   646 | D:2      | Reached skill level 1 in Invocations
   646 | D:2      | Reached XP level 3. HP: 33/33 MP: 2/2
   948 | D:2      | Reached skill level 1 in Stealth
  1500 | D:4      | Noticed an ogre
  1522 | D:4      | Killed an ogre
  1523 | D:4      | Reached XP level 4. HP: 11/41 MP: 2/4
  1523 | D:4      | Reached XP level 5. HP: 13/47 MP: 2/5
  1850 | D:4      | Noticed Robin
  1860 | D:4      | Killed Robin
  1878 | D:3      | Noticed an ogre
  1893 | D:3      | HP: 2/47 [orc/+0 war axe (4)]
  1898 | D:2      | Slain by an orc

Illustrated notes

Levels and vault maps discovered:
D:1:      kennysheep_arrival_forest, layout_rooms
D:2:      layout_loops_corners
D:3:      layout_basic
D:4:      layout_basic, minmay_temple_entry_grid, uniq_robin

Skill      XL: |  1  2  3  4  5 |
---------------+----------------+-----
Armour         | 1 2 |  2.6
Invocations    | 1 2 |  2.1
Stealth        | 1 |  1.9
Fighting       | 4 |  4.6
Short Blades   | 4 |  4.1
Dodging        | 4 |  4.1

Action                     |  1- 3 |  4- 6 || total
---------------------------+-------+-------++-------
  Melee: Short sword       |    44 |       ||    44
         Headbutt          |    23 |    12 ||    35
         Dagger            |    54 |    40 ||    94
    Use: Potion            |     1 |       ||     1
 Armour: Robe              |    25 |    12 ||    37
  Dodge: Dodged            |    63 |    42 ||   105
